 Dungeon Sprint DCSS version bcrawl-1.20 (webtiles) character file.

Game seed: 16562136846239987478

218 Freyura the Ducker (level 5, -27/49 HPs)
             Began as a Gnoll Reaver on Jan 19, 2020.
             Was a Priest of Vehumet.
             Annihilated by a two-headed ogre
             ... wielding a +0 giant club
              (29 damage)
             ... in the Dungeon (Sprint IX: "|||||||||||||||||||||||||||||").
             The game lasted 00:03:39 (123 turns).

Freyura the Ducker (Gnoll Reaver)                    Turns: 123, Time: 00:03:39

Health: -27/49     AC:  7    Str: 13    XL:     5   Next: 95%
Magic:  9/13       EV: 20    Int: 19    God:    Vehumet [***...]
Gold:   0          SH:  0    Dex: 18    Spells: 14/16 levels left

rFire    . . .     SeeInvis .   o - +2 rapier "Juint" {flame, *Slow +Inv MR+ Int+3}
rCold    . . .     Gourm    .   (no shield)
rNeg     . . .     Faith    .   b - +0 steam dragon scales
rPois    .         Spirit   .   (no helmet)
rElec    .         Reflect  .   (no cloak)
rCorr    .         Harm     .   p - +0 pair of gloves
MR       +....     NoTele   +   (no boots)
Stlth    +++.......             (no amulet)
HPRegen  0.16/turn              q - +3 ring of dexterity
MPRegen  0.13/turn              r - +2 ring of evasion

@: no status effects
A: distributed training, fangs 1, strong nose
a: Renounce Religion, Evoke Invisibility


You were in the Dungeon.
You worshipped Vehumet.
Vehumet was most pleased with you.
You were not hungry.

You visited 1 branch

Inventory:

Hand Weapons
 a - a +0 flail
 o - the +2 rapier "Juint" (weapon) {flame, *Slow +Inv MR+ Int+3}
   (You found it in the Dungeon)

   It has been specially enchanted to burn those struck by it, causing extra
   injury to most foes and up to half again as much damage against particularly
   susceptible opponents.
   It affects your intelligence (+3).
   It affects your resistance to hostile enchantments.
   It lets you turn invisible.
   It may slow you when you take damage.
Armour
 b - +0 steam dragon scales (worn)
 p - a +0 pair of gloves (worn)
Magical Staves
 n - an uncursed staff of energy
Jewellery
 q - a +3 ring of dexterity (left hand)
 r - a +2 ring of evasion (right hand)
Wands
 m - a wand of iceblast (10)
Scrolls
 d - a scroll of immolation
 j - 2 scrolls of blinking
 k - 3 scrolls of remove curse
 l - 2 scrolls of amnesia
Potions
 c - 2 potions of haste
 f - 5 potions of curing
 h - 4 potions of magic
 i - a potion of invisibility
Comestibles
 e - a ration {!d}


   Skills:
 + Level 7.7 Fighting
 + Level 3.9 Short Blades
 + Level 3.9 Long Blades
 + Level 3.9 Axes
 + Level 7.7 Maces & Flails
 + Level 3.9 Polearms
 + Level 3.9 Staves
 + Level 3.9 Slings
 + Level 3.9 Bows
 + Level 3.9 Crossbows
 + Level 3.9 Throwing
 + Level 3.9 Armour
 + Level 7.7 Dodging
 + Level 3.9 Stealth
 + Level 3.9 Shields
 + Level 3.9 Unarmed Combat
 + Level 6.4 Spellcasting
 + Level 3.2 Conjurations
 + Level 3.2 Hexes
 + Level 3.2 Charms
 + Level 3.2 Summonings
 + Level 3.2 Necromancy
 + Level 3.2 Translocations
 + Level 3.2 Transmutations
 + Level 3.2 Fire Magic
 + Level 3.2 Ice Magic
 + Level 3.2 Air Magic
 + Level 3.2 Earth Magic
 + Level 3.2 Poison Magic
 + Level 4.3 Invocations
 + Level 3.9 Evocations


You had 14 spell levels left.
You knew the following spells:

 Your Spells              Type           Power        Failure   Level  Hunger
a - Shock                 Conj/Air       ###..        1%          1    None
b - Freeze                Ice            ###...       1%          1    None

Your spell library contained the following spells:

 Spells                   Type           Power        Failure   Level  Hunger
 Inner Flame              Hex/Fire       N/A          2%          3    ##.....
 Iskenderun's Battlesphe  Conj/Chrm      ###.....     21%         5    #####..


Dungeon Overview and Level Annotations

Branches:
Dungeon (1/1)

Altars:
Cheibriados
Dithmenos
Elyvilon
Fedhas
Gozag
Hepliaklqana
Kikubaaqudgha
Lugonu
Makhleb
Nemelex Xobeh
Okawaru
Qazlal
Ru
Sif Muna
Trog
Uskayaw
Vehumet
Wu Jian
Xom
Yredelemnul
Zin
The Shining One
Beogh
Jiyva


Innate Abilities, Weirdness & Mutations

Your experience applies equally to all skills.
You have very sharp teeth.
Your uncanny sense of smell can sniff out nearby items.


Message History

The zap hits the two-headed ogre.
The two-headed ogre is lightly wounded.
The zap hits the bullfrog.
The bullfrog is almost dead.
The zap hits the komodo dragon.
The komodo dragon is lightly wounded.
The two-headed ogre completely misses you.
The two-headed ogre closely misses you.
You hit the two-headed ogre. You burn the two-headed ogre.
The two-headed ogre is heavily wounded.
The two-headed ogre hits you with a +0 giant club!
* * * LOW HITPOINT WARNING * * *
The two-headed ogre hits you with a cursed -2 giant club!
* * * LOW HITPOINT WARNING * * *
You hit the two-headed ogre. You burn the two-headed ogre.
You punch the two-headed ogre, but do no damage.
The two-headed ogre is severely wounded.
The two-headed ogre hits you with a +0 giant club!!
Ouch! That really hurt!
You die...

▓▓▓▓▓▓▓▓▓▓▓▓▓▓▓▓▓▓▓▓▓▓▓
_____'...).[[..'@OOFl.+
▓▓▓▓▓▓▓▓▓▓▓▓▓▓▓▓▓▓▓▓▓▓▓
∆∆∆∆ ∆ ∆∆∆


You could see 2 two-headed ogres, a komodo dragon and a bullfrog.

Vanquished Creatures
  A phantom (D)
  An ogre (D)
  A jelly (D)
  An adder (D)
  A shadow imp (D)
  A leopard gecko (D)
  A goblin (D)
  A hobgoblin (D)
  A frilled lizard (D)
  A jackal skeleton (D)
  A leopard gecko simulacrum (D)
  A rat (D)
12 creatures vanquished.

Notes
Turn   | Place    | Note
-------+----------+-------------------------------------------
     0 | D        | Freyura the Gnoll Reaver began the quest for the Orb.
     0 | D        | Reached XP level 1. HP: 23/23 MP: 6/6
     5 | D        | Reached * piety under Vehumet
     5 | D        | Offered knowledge of Shock by Vehumet.
     5 | D        | Reached skill level 5 in Spellcasting
    11 | D        | Reached skill level 1 in Invocations
    14 | D        | Reached skill level 1 in Short Blades
    14 | D        | Reached skill level 1 in Long Blades
    14 | D        | Reached skill level 1 in Axes
    14 | D        | Reached skill level 1 in Polearms
    14 | D        | Reached skill level 1 in Staves
    14 | D        | Reached skill level 1 in Slings
    14 | D        | Reached skill level 1 in Bows
    14 | D        | Reached skill level 1 in Crossbows
    14 | D        | Reached skill level 1 in Throwing
    14 | D        | Reached skill level 1 in Armour
    14 | D        | Reached skill level 1 in Stealth
    14 | D        | Reached skill level 1 in Shields
    14 | D        | Reached skill level 1 in Unarmed Combat
    14 | D        | Reached skill level 1 in Evocations
    17 | D        | Learned a level 1 spell: Shock
    29 | D        | Noticed a phantom
    29 | D        | Noticed an ogre
    29 | D        | Noticed a jelly
    35 | D        | Killed a jelly
    35 | D        | Reached ** piety under Vehumet
    35 | D        | Offered knowledge of Freeze by Vehumet.
    35 | D        | Reached skill level 1 in Conjurations
    35 | D        | Reached skill level 1 in Hexes
    35 | D        | Reached skill level 1 in Charms
    35 | D        | Reached skill level 1 in Summonings
    35 | D        | Reached skill level 1 in Necromancy
    35 | D        | Reached skill level 1 in Translocations
    35 | D        | Reached skill level 1 in Transmutations
    35 | D        | Reached skill level 1 in Fire Magic
    35 | D        | Reached skill level 1 in Ice Magic
    35 | D        | Reached skill level 1 in Air Magic
    35 | D        | Reached skill level 1 in Earth Magic
    35 | D        | Reached skill level 1 in Poison Magic
    35 | D        | Reached XP level 2. HP: 14/29 MP: 0/8
    35 | D        | Reached XP level 3. HP: 17/35 MP: 0/9
    39 | D        | Killed an ogre
    39 | D        | Reached XP level 4. HP: 27/43 MP: 0/11
    39 | D        | Reached XP level 5. HP: 30/48 MP: 0/13
    43 | D        | Killed a phantom
    43 | D        | Reached *** piety under Vehumet
    50 | D        | Found a roughly hewn altar of Beogh.
    50 | D        | Found a snail-covered altar of Cheibriados.
    50 | D        | Found a shadowy altar of Dithmenos.
    50 | D        | Found a white marble altar of Elyvilon.
    50 | D        | Found a blossoming altar of Fedhas.
    50 | D        | Found an opulent altar of Gozag.
    51 | D        | Found a hazy altar of Hepliaklqana.
    52 | D        | Found a viscous altar of Jiyva.
    53 | D        | Found an ancient bone altar of Kikubaaqudgha.
    54 | D        | Found a corrupted altar of Lugonu.
    55 | D        | Found a burning altar of Makhleb.
    56 | D        | Found a sparkling altar of Nemelex Xobeh.
    57 | D        | Found an iron altar of Okawaru.
    58 | D        | Found a stormy altar of Qazlal.
    59 | D        | Found a sacrificial altar of Ru.
    60 | D        | Found a shimmering blue altar of Sif Muna.
    61 | D        | Found a bloodstained altar of Trog.
    62 | D        | Found a hide-covered altar of Uskayaw.
    63 | D        | Found a radiant altar of Vehumet.
    64 | D        | Found an ornate altar of the Wu Jian Council.
    65 | D        | Found a shimmering altar of Xom.
    66 | D        | Found a basalt altar of Yredelemnul.
    67 | D        | Found a glowing silver altar of Zin.
    68 | D        | Found a glowing golden altar of the Shining One.
    86 | D        | Got the +2 rapier "Juint" {flame, *Slow +Inv MR+ Int+3}
   105 | D        | Learned a level 1 spell: Freeze
   105 | D        | Noticed a two-headed ogre
   105 | D        | Noticed a two-headed ogre
   105 | D        | Noticed a bullfrog
   105 | D        | Noticed a komodo dragon
   107 | D        | Offered knowledge of Inner Flame by Vehumet.
   118 | D        | HP: 1/49 [two-headed ogre/+0 giant club (23)]
   123 | D        | Annihilated by a two-headed ogre

Skill      XL: |  1  2  3  4  5 |
---------------+----------------+-----
Spellcasting   | 5 6 |  6.4
Invocations    | 2 3 4 |  4.3
Short Blades   | 1 3 |  3.9
Long Blades    | 1 3 |  3.9
Axes           | 1 3 |  3.9
Polearms       | 1 3 |  3.9
Staves         | 1 3 |  3.9
Slings         | 1 3 |  3.9
Bows           | 1 3 |  3.9
Crossbows      | 1 3 |  3.9
Throwing       | 1 3 |  3.9
Armour         | 1 3 |  3.9
Stealth        | 1 3 |  3.9
Shields        | 1 3 |  3.9
Unarmed Combat | 1 3 |  3.9
Evocations     | 1 3 |  3.9
Conjurations   | 1 2 3 |  3.2
Hexes          | 1 2 3 |  3.2
Charms         | 1 2 3 |  3.2
Summonings     | 1 2 3 |  3.2
Necromancy     | 1 2 3 |  3.2
Translocations | 1 2 3 |  3.2
Transmutations | 1 2 3 |  3.2
Fire Magic     | 1 2 3 |  3.2
Ice Magic      | 1 2 3 |  3.2
Air Magic      | 1 2 3 |  3.2
Earth Magic    | 1 2 3 |  3.2
Poison Magic   | 1 2 3 |  3.2
Fighting       | 7 |  7.7
Maces & Flails | 7 |  7.7
Dodging        | 7 |  7.7

Action                   |  1- 3 |  4- 6 || total
-------------------------+-------+-------++-------
Melee: Flail             |    13 |     4 ||    17
       Rapier            |       |     8 ||     8
       Punch             |       |     1 ||     1
 Cast: Shock             |     6 |     5 ||    11
  Use: Potion            |     1 |     3 ||     4
 Stab: Sleeping          |       |     1 ||     1
Armor: Steam dragon scal |     1 |       ||     1
Dodge: Dodged            |    11 |    17 ||    28
